FIQ, neutral male scurrid Tourist ----------- |..{....... |.........| |...r.....| |...&.....| -------- -- FIQ the Rambler Experience level: 1 Strength: 10 Dexterity: 11 Constitution: 14 Intelligence: 11 Wisdom: 13 Charisma: 16 Health: 0(9) Energy: 2(2) Def: 0 Gold: 522 Moves: 31 Dungeon seed: euRArpXxqcVpiw64 Game ID: FIQ_1498603477 Your Inventory: Coins $ - 522 gold pieces Weapons a - 46 uncursed +2 darts (in quiver) Armor e - a blessed +0 Hawaiian shirt (being worn) Comestibles b - 4 uncursed food rations c - an uncursed chestnut d - 3 uncursed tripe rations f - an uncursed carrot g - an uncursed fortune cookie Scrolls i - 4 uncursed scrolls of magic mapping Potions h - 2 uncursed potions of extra healing Wands l - an uncursed wand of secret door detection (0:11) Tools j - an uncursed expensive camera (0:99) k - an uncursed credit card m - an uncursed tin opener Spells and supernatural/magical abilities: Name Level Category Fail Memory W - pray for help -- divine ? -- Your skills at the end: Miscellaneous Skills wands [Basic] Weapon Skills dart [Basic] Spellcasting Skills Final Attributes: You were devoutly aligned. You had infravision. You were very stealthy. You are dead. Voluntary challenges: You went without food. You did not adorn yourself with jewelry or accessories. You did not cause conflict. You were not invisible. You did not have reflection. You were not displaced. You were an atheist. You never hit with a wielded weapon. You were a pacifist. You did not use tools. You did not use plumbed fixtures. You did not drink any magical draughts. You were illiterate. You never genocided any monsters. You never polymorphed an object. You never changed form. You used no wishes. You never split a pudding. You never wrote Elbereth's name. You never violated your personal moral code. Dungeon overview: The Dungeons of Doom: levels 1 to 13 Level 1 a long staircase Level 2 Level 3 Level 4 Level 5 Level 6 Level 7 Level 8 Level 9 Level 10 Level 11 a temple to Offler Level 12 Level 13 <- You were here a fountain History has recorded: On T:1 you entered the Dungeons of Doom to retrieve the Amulet of Yendor! On T:4 you reached level 2 of The Dungeons of Doom. On T:7 you reached level 3 of The Dungeons of Doom. On T:9 you reached level 4 of The Dungeons of Doom. On T:11 you reached level 5 of The Dungeons of Doom. On T:13 you reached level 6 of The Dungeons of Doom. On T:16 you reached level 7 of The Dungeons of Doom. On T:18 you reached level 8 of The Dungeons of Doom. On T:20 you reached level 9 of The Dungeons of Doom. On T:22 you reached level 10 of The Dungeons of Doom. On T:26 you reached level 11 of The Dungeons of Doom. On T:28 you reached level 12 of The Dungeons of Doom. On T:31 you reached level 13 of The Dungeons of Doom. Score breakdown: Gold: 148 ( 14 points) Experience: 1 level ( 0 points) Exploration: 13 levels ( 360 points) Discoveries: 0 items ( 0 points) Variety of kills: 0 monsters ( 0 points) Major goal: (nothing yet) ( 0 points) Survival: died (score multiplied by 3) Total score: 1122 Latest messages: You continue digging downward. You dig a pit in the floor. You continue digging downward. You dig a hole through the floor. You fall through... The priest of Offler intones: "Pilgrim, you enter a sacred place!" You have a strange forbidding feeling... You receive a faint telepathic message from Twoflower: Your help is urgently needed at Ankh-Morpork! Look for a ...ic transporter. You couldn't quite make out that last message. You start digging downward. You continue digging downward. You dig a pit in the floor. You continue digging downward. You dig a hole through the floor. You fall through... You start digging downward. You continue digging downward. You dig a pit in the floor. You continue digging downward. You dig a hole through the floor. You fall through... $ - 148 gold pieces. The incubus punches you! (2x) You die... Final status: Aloha FIQ the Tourist, killed by an incubus... You died in The Dungeons of Doom on dungeon level 13 with 1122 points, and 522 pieces of gold, after 31 moves. You were level 1 with a maximum of 9 hit points when you died.